 Dungeon Crawl Stone Soup version 0.22.1-1-ga44c0e56f4 (webtiles) character file.

2624 AlolanVulpixel the Spear-Bearer (level 9, -1/73 HPs)
             Began as a Demonspawn Chaos Knight on Oct 30, 2018.
             Killed from afar by an electric eel (10 damage)
             ... with a bolt of electricity
             ... on level 7 of the Dungeon on Nov 1, 2018.
             The game lasted 00:21:43 (6878 turns).

AlolanVulpixel the Spear-Bearer (DsCK)              Turns: 6878, Time: 00:21:43

Health: -1/73      AC: 20    Str: 21      XL:     9   Next: 34%
Magic:  6/9        EV: 10    Int: 12 (13) God:    Xom [*.....]
Gold:   378        SH:  0    Dex: 17      Spells: 8/8 levels left

rFire    + + .     SeeInvis .   a - +1 spear (protect)
rCold    x . .     Gourm    .   (no shield)
rNeg     . . .     Faith    .   i - +1 fire dragon scales
rPois    +         Spirit   .   m - +1 helmet
rElec    .         Reflect  .   (no cloak)
rCorr    .         Harm     .   (no gloves)
MR       .....     Clarity  +   (no boots)
Stlth    +.........             (no amulet)
HPRegen  0.22/turn              t - +5 ring of dexterity
MPRegen  0.11/turn              n - ring of poison resistance

@: protection aura, drained, very slow
A: hooves 2, rugged brown scales 1, clarity, demonic guardian 1, high mp 1,
strong 2, evolution 1, MP-powered wands
a: Renounce Religion


You were on level 7 of the Dungeon.
You worshipped Xom.
You were a special plaything of Xom.
You were not hungry.

You visited 2 branches of the dungeon, and saw 8 of its levels.
You also visited: Sewer.

You collected 378 gold pieces.

Inventory:

Hand Weapons
 a - a +1 spear of protection (weapon)
Missiles
 g - 4 silver javelins
 j - 4 javelins of returning (quivered)
Armour
 i - +1 fire dragon scales (worn)
 m - a +1 helmet (worn)
Jewellery
 n - a ring of poison resistance (right hand)
 t - a +5 ring of dexterity (left hand)
Wands
 l - a wand of polymorph (3)
 r - a wand of digging (7)
 s - a wand of scattershot (5)
Scrolls
 b - a scroll of magic mapping
 d - 2 scrolls of amnesia
 e - 10 scrolls of identify
 f - 3 scrolls of teleportation
 h - 5 scrolls of remove curse
 o - 2 scrolls of fog
Potions
 k - a potion of magic
 u - a potion of berserk rage
Comestibles
 c - 7 rations


   Skills:
 * Level 6.4(6.0) Fighting
 * Level 9.0(8.6) Polearms
 + Level 0.2(0.0) Throwing
 + Level 4.8(4.4) Armour
 + Level 2.4(2.0) Dodging
 + Level 3.0(2.7) Stealth


You had 8 spell levels left.
You didn't know any spells.
Your spell library was empty.

Dungeon Overview and Level Annotations

Branches:
Dungeon (7/15)             Temple (1/1) D:4

Altars:
Ashenzari
Cheibriados
Dithmenos
Elyvilon
Fedhas
Gozag
Hepliaklqana
Kikubaaqudgha
Makhleb
Nemelex Xobeh
Okawaru
Qazlal
Ru
Sif Muna
Trog
Uskayaw
Vehumet
Wu Jian
Xom
Yredelemnul
Zin
The Shining One


Innate Abilities, Weirdness & Mutations

You have hoof-like feet.
You are partially covered in rugged brown scales. (AC +1, +3% HP)
A weak demonic guardian rushes to your aid.
You possess an exceptional clarity of mind.
You have an increased reservoir of magic. (+10% MP)
Your muscles are very strong. (Str +4)
You evolve.
You expend magic power (3 MP) to strengthen your wands.


Message History

The bolt of electricity hits you!
* * * LOW HITPOINT WARNING * * *
You feel better.
Xom's malign attention turns to you for a moment.
You feel dopey.
The electric eel shoots out a bolt of lightning at you!
The bolt of electricity hits the electric eel.
The electric eel completely resists.
The bolt of electricity hits the electric eel.
The electric eel completely resists.
The bolt of electricity hits the electric eel.
The electric eel completely resists.
The bolt of electricity hits you!
* * * LOW HITPOINT WARNING * * *
The electric eel shoots out a bolt of lightning at you!
The bolt of electricity hits you!
The electric eel shoots out a bolt of lightning at you!
The bolt of electricity hits the electric eel.
The electric eel completely resists.
The bolt of electricity hits you!
You die...
Xom chuckles heartily!

≈≈≈≈≈ ..≈..
..≈.≈ ≈≈≈≈≈ ≈
♣≈.≈♣ ≈ ≈≈
♣≈≈≈♣ .≈
≈≈;♣♣♣≈.≈♣♣♣≈.≈
≈≈≈≈≈≈≈.≈≈≈≈≈≈≈
≈≈..≈≈≈5≈5≈..≈≈
≈.≈;;≈;@≈≈≈≈≈.≈
≈≈≈♣♣♣;≈≈♣♣♣≈.≈
♣≈≈≈♣ ♣≈l;♣
≈≈≈≈≈ ≈..≈≈≈.
≈≈≈.≈≈≈
♣♣♣≈.≈♣♣♣


You could see an iguana, 6 electric eels, a friendly white imp and a friendly
shadow imp.

Vanquished Creatures
  A hippogriff (D:7)
  A wyvern (D:6)
  An orc warrior (D:7)
  An ice beast (D:4)
  A phantom (D:5)
  An ogre (D:7)
  The ghost of topfpfpflanze the Insei, an amateur DsTm (D:3)
  The ghost of Mysteryquy the Shield-Bearer, an amateur GrFi (D:3)
  A bullfrog (Sewer)
  A scorpion (D:5)
  The ghost of OdinFK the Skirmisher, a weakling DsAK of Lugonu (D:3)
  5 wights (D:7)
  3 howler monkeys
  A crimson imp (D:7)
  8 orc priests
  2 iguanas
  4 orc wizards
  3 worker ants
  4 hound skeletons
  3 gnolls (D:3)
  12 adders
  A river rat (D:4)
  An adder skeleton (D:4)
  3 worms
  A dart slug (D:1)
  4 leopard geckos
  18 orcs
  7 bats
  13 giant cockroaches
  11 goblins
  4 hobgoblins
  11 jackals
  4 quokkas
  6 ball pythons
  9 frilled lizards
  A jackal zombie (D:5)
  5 kobolds
  9 rats
164 creatures vanquished.

Vanquished Creatures (collateral kills)
  2 ice beasts
  An ogre (D:5)
  A centaur (D:5)
  A bullfrog (Sewer)
  A howler monkey (D:7)
  An orc priest (D:4)
  An iguana (D:4)
  An orc (D:5)
  2 jackals (D:5)
11 creatures vanquished.

Vanquished Creatures (others)
  Pikel (D:5)
  A slave (D:5)
  2 plants (D:5)
  A withered plant (D:3)
5 creatures vanquished.

Grand Total: 180 creatures vanquished

Notes
Turn   | Place    | Note
-------+----------+-------------------------------------------
     0 | D:1      | AlolanVulpixel the Demonspawn Chaos Knight began the quest
                  | for the Orb.
     0 | D:1      | Reached XP level 1. HP: 18/18 MP: 1/1
   210 | D:1      | Gained mutation: You have large cloven feet. [demonic
                  | ancestry]
   210 | D:1      | Reached XP level 2. HP: 24/24 MP: 2/2
   292 | D:1      | Reached skill level 3 in Polearms
   317 | D:1      | XOM: divination: magic mapping
   681 | D:2      | Reached XP level 3. HP: 29/29 MP: 3/3
   904 | D:2      | Found an iron altar of Okawaru.
   912 | D:2      | Gained mutation: You have hoof-like feet. [demonic
                  | ancestry]
   912 | D:2      | Reached XP level 4. HP: 29/37 MP: 4/4
  1019 | D:2      | XOM: divination: magic mapping
  1426 | D:3      | XOM: harmless Ice miscast
  1652 | D:3      | XOM: divination: detect creatures
  1784 | D:3      | XOM: scenery: create altars
  1871 | D:3      | Found a runed gate.
  1871 | D:3      | Found a runed gate.
  2088 | D:3      | XOM: harmless Pois miscast
  2220 | D:3      | Found a runed gate.
  2222 | D:3      | Noticed topfpfpflanze's ghost (amateur DsTm)
  2368 | D:3      | Noticed OdinFK's ghost (weakling DsAK)
  2368 | D:3      | Noticed Mysteryquy's ghost (amateur GrFi)
  2373 | D:3      | XOM: potion effect (might)
  2378 | D:3      | Killed topfpfpflanze's ghost
  2378 | D:3      | Reached skill level 4 in Polearms
  2378 | D:3      | Reached skill level 1 in Dodging
  2378 | D:3      | Gained mutation: You are partially covered in rugged brown
                  | scales. (AC +1, +3% HP) [demonic ancestry]
  2378 | D:3      | Reached XP level 5. HP: 38/44 MP: 5/5
  2381 | D:3      | Killed Mysteryquy's ghost
  2381 | D:3      | Gained mutation: A weak demonic guardian rushes to your
                  | aid. [demonic ancestry]
  2381 | D:3      | Reached XP level 6. HP: 24/50 MP: 6/6
  2384 | D:3      | Killed OdinFK's ghost
  2600 | D:4      | XOM: harmless Hex miscast
  2648 | D:4      | XOM: cast spell 'Summon Butterflies'
  2670 | D:4      | Found a glowing drain.
  2674 | Sewer    | Entered a sewer
  2774 | Sewer    | XOM: medium Tloc miscast
  2831 | Sewer    | XOM: harmless Fire miscast
  2898 | Sewer    | XOM: medium Conj miscast
  3171 | Sewer    | Reached skill level 5 in Polearms
  3624 | D:4      | Reached XP level 7. HP: 56/56 MP: 7/7
  3830 | D:4      | Found a bloodstained altar of Trog.
  3890 | D:4      | XOM: potion effect (agility)
  3895 | D:4      | Reached skill level 6 in Polearms
  3912 | D:4      | Reached skill level 5 in Fighting
  3949 | D:4      | Reached skill level 1 in Stealth
  4146 | D:4      | XOM: god gift: ration
  4218 | D:4      | Found a staircase to the Ecumenical Temple.
  4296 | D:4      | XOM: give mutations
  4296 | D:4      | Gained mutation: Your muscles are strong. (Str +2) [Xom's
                  | grace]
  4296 | D:4      | Gained mutation: You possess an exceptional clarity of
                  | mind. [Xom's grace]
  4296 | D:4      | Gained mutation: You expend magic power (3 MP) to
                  | strengthen your wands. [Xom's grace]
  4303 | D:4      | XOM: scenery: 1 doors open
  4312 | D:4      | XOM: summons 3 friendly demons
  4529 | Temple   | Entered the Ecumenical Temple
  4563 | Temple   | XOM: give mutations
  4563 | Temple   | Gained mutation: You have an increased reservoir of magic.
                  | (+10% MP) [Xom's grace]
  4563 | Temple   | Gained mutation: Your muscles are very strong. (Str +4)
                  | [Xom's grace]
  4563 | Temple   | Gained mutation: You evolve. [Xom's grace]
  4730 | D:5      | Entered Level 5 of the Dungeon
  4907 | D:5      | XOM: polymorph iron imp -> quasit
  4937 | D:5      | Reached XP level 8. HP: 50/63 MP: 8/8
  4950 | D:5      | Noticed Pikel
  4969 | D:5      | Killed Pikel
  4969 | D:5      | Reached skill level 7 in Polearms
  4969 | D:5      | XOM: divine lightning
  5042 | D:5      | XOM: scenery: create altars
  5052 | D:5      | Found a shattered altar of Ashenzari.
  5052 | D:5      | Found a stormy altar of Qazlal.
  5073 | D:5      | Found an opulent altar of Gozag.
  5076 | D:5      | Found a basalt altar of Yredelemnul.
  5078 | D:5      | Found a glowing golden altar of the Shining One.
  5140 | D:5      | XOM: harmless Conj miscast
  5369 | D:6      | XOM: polymorph centaur -> wyvern
  5379 | D:6      | Reached skill level 8 in Polearms
  5663 | D:6      | Found a bloodstained altar of Trog.
  5827 | D:7      | Reached XP level 9. HP: 22/71 MP: 9/9
  6240 | D:7      | XOM: 1-stop teleportation journey
  6293 | D:7      | XOM: harmless Chrm miscast
  6604 | D:7      | Reached skill level 9 in Polearms
  6605 | D:7      | XOM: chaos cloud
  6872 | D:7      | XOM: 4-stop teleportation journey
  6878 | D:7      | XOM: stat loss: -1 Int (12/13)
  6878 | D:7      | Killed from afar by an electric eel

Skill      XL: |  1  2  3  4  5  6  7  8  9 |
---------------+----------------------------+-----
Armour         | 2 3 4 |  4.8
Polearms       | 3 4 5 6 8 9 |  9.0
Fighting       | 4 5 6 |  6.4
Dodging        | 1 2 |  2.4
Stealth        | 1 2 3 |  3.0
Throwing       | |  0.2

Action                   |  1- 3 |  4- 6 |  7- 9 || total
-------------------------+-------+-------+-------++-------
Melee: Spear             |   107 |   198 |   325 ||   630
       Kick              |    19 |    21 |    87 ||   127
Throw: Javelin           |       |       |     4 ||     4
Evoke: Wand              |       |       |     1 ||     1
  Use: Scroll            |     3 |     2 |     3 ||     8
       Potion            |       |     6 |     6 ||    12
 Stab: Paralysed         |       |     1 |     1 ||     2
       Petrified         |       |       |     5 ||     5
       Petrifying        |       |       |     1 ||     1
       Distracted        |       |       |     1 ||     1
  Eat: Chunk             |       |     5 |     2 ||     7
       Ration            |       |     1 |     3 ||     4
Armor: Ring mail         |     2 |       |       ||     2
       Scale mail        |    32 |    86 |       ||   118
       Fire dragon scale |       |       |    95 ||    95
Dodge: Dodged            |    43 |    71 |    71 ||   185
